 Dungeon Crawl Stone Soup version 0.23-a0-350-g6fd5563 (webtiles) character file.

11 iamserjio the Vexing (level 2, 2/18 HPs)
             Began as an Octopode Arcane Marksman on Oct 20, 2018.
             Quit the game on level 1 of the Dungeon.
             The game lasted 00:00:54 (118 turns).

iamserjio the Vexing (Octopode Arcane Marksman)      Turns: 118, Time: 00:00:55

Health: 2/18       AC:  1    Str:  9    XL:     2   Next: 25%
Magic:  3/3        EV: 14    Int: 15    God:
Gold:   23         SH:  0    Dex: 12    Spells: 2/3 levels left

rFire    . . .     SeeInvis .   a - +0 hand crossbow
rCold    . . .     Gourm    .   (no shield)
rNeg     . . .     Faith    .   (helmet restricted)
rPois    .         Spirit   .   (no amulet)
rElec    .         Reflect  .   (no ring)
rCorr    .         Harm     .   (no ring)
MR       .....                  (no ring)
Stlth    ++........             (no ring)
HPRegen  0.06/turn              (no ring)
MPRegen  0.08/turn              (no ring)
                                (no ring)
                                (no ring)

@: no status effects
A: almost no armour, stealthy swim, amphibious, 8 rings, constrict 8, camouflage
1, gelatinous body 1
a: no special abilities


You were on level 1 of the Dungeon.
You were not hungry.

You visited 1 branch of the dungeon, and saw 1 of its levels.

You collected 23 gold pieces.

Inventory:

Hand Weapons
 a - a +0 hand crossbow (weapon)
Missiles
 c - 8 bolts (quivered)
 g - 16 sling bullets
Jewellery
 b - an uncursed amulet of regeneration {unknown}
Comestibles
 d - a ration
 f - 5 chunks of flesh


   Skills:
 + Level 1.4 Fighting
 - Level 2.0 Crossbows
 * Level 2.6 Dodging
 - Level 1.0 Spellcasting
 - Level 3.0 Hexes


You had 2 spell levels left.
You knew the following spells:

 Your Spells              Type           Power        Failure   Level  Hunger
a - Corona                Hex            #......      7%          1    ##.....

Your spell library contained the following spells:

 Spells                   Type           Power        Failure   Level  Hunger
 Slow                     Hex            #.......     11%         2    ###....
 Inner Flame              Hex/Fire       #.......     36%         3    ####...
 Portal Projectile        Hex/Tloc       #.....       36%         3    ####...
 Cause Fear               Hex            #.........   56%         4    #####..
 Leda's Liquefaction      Hex/Erth       #.........   78%         4    #####..


Dungeon Overview and Level Annotations

Branches:
Dungeon (1/15)

Altars:


Innate Abilities, Weirdness & Mutations

You cannot wear most types of armour.
You are very stealthy in the water. (Stealth+)
You are amphibious.
You can wear up to eight rings at the same time.
You can use your tentacles to constrict eight enemies at once.
Your skin changes colour to match your surroundings (Stealth+).
Your rubbery body absorbs attacks. (AC +1, EV +1)


Message History

The jackal bites you.
* * * LOW HITPOINT WARNING * * *
Firing (i - inventory)
c - 10 bolts (quivered)
Aim: a jackal You shoot a bolt.
The bolt hits the jackal.
The jackal barely misses you. x2
It was a potion of magic.
Magic courses through your body. The jackal barely misses you.
The jackal closely misses you.
Firing (i - inventory)
c - 9 bolts (quivered)
Aim: a jackal (severely wounded)
You shoot a bolt. The bolt hits the jackal.
You kill the jackal!
The jackal bites you.
* * * LOW HITPOINT WARNING * * *
Firing (i - inventory)
c - 8 bolts (quivered)
Aim: a jackal
Okay, then.
As you read the scroll labeled LOIFYIHALU, it crumbles to dust.
It is a scroll of enchant armour.
You aren't carrying any armour which can be enchanted further.
The jackal closely misses you. x2

..... .# #.≈≈≈≈.# #(.# #.#
#.≈≈≈≈.# .. ##..##..##
#......##. #.K......#####''###.
#..h...#....##..# . #Kr...##
#..#''#.# ##.#### #....#.#
#..########......#
##lKh@.......#.###
###.r#######.##.# ###....#
#..##.# ########...#.##
#.##..###.### #........###..##
##............
#........####..####...####..####
#....................## .##
#....÷...########....### #
#........# ##..........


You could see a leopard gecko, a jackal, a kobold and a rat.

Vanquished Creatures
  A dart slug (D:1)
  A giant cockroach (D:1)
  2 goblins (D:1)
  2 jackals (D:1)
  A bat (D:1)
  A rat (D:1)
8 creatures vanquished.

Notes
Turn   | Place    | Note
-------+----------+-------------------------------------------
     0 | D:1      | iamserjio the Octopode Arcane Marksman began the quest for
                  | the Orb.
     0 | D:1      | Reached XP level 1. HP: 13/13 MP: 2/2
    94 | D:1      | Reached XP level 2. HP: 18/18 MP: 3/3
   118 | D:1      | Quit the game

Vault maps used:
D:1:      lightli_arrival_lavapool

Action                   || total
-------------------------++-------
 Fire: Hand crossbow     ||    15
  Use: Scroll            ||     1
       Potion            ||     1
Armor: Skin              ||     1
Dodge: Dodged            ||    11

Table legend:
 A = Non-vault XP
 B = Vault XP
 C = Vault XP percentage of total XP
 D = Non-vault monster count
 E = Vault monster count
 F = Vault count percentage of total count
                 A         B        C        D         E       F
            +---------+---------+-------+---------+---------+-------
      Total |      16 |       0 |   0.0 |       8 |       0 |   0.0
            +---------+---------+-------+---------+---------+-------
        D:1 |      16 |       0 |   0.0 |       8 |       0 |   0.0
            +---------+---------+-------+---------+---------+-------
